 Dungeon Crawl Stone Soup version 0.30.0-17-ge0270778cf (webtiles) character file.

Game seed: 16005153717177633376

180 olmar the Cudgeller (level 5, 0/49 HPs)
             Began as an Armataur Berserker on May 21, 2023.
             Was a Follower of Trog.
             Succumbed to Jessica's poison
             ... on level 2 of the Dungeon.
             The game lasted 00:01:05 (411 turns).

olmar the Cudgeller (Armataur Berserker)             Turns: 411, Time: 00:01:06

Health: 0/49       AC: 11    Str: 24    XL:     5   Next: 33%
Magic:  5/5        EV:  5    Int:  8    God:    Trog [*.....]
Gold:   63         SH:  0    Dex:  9    Spells: 4/4 levels left

rFire   . . .        a - +0 mace
rCold   . . .        (no shield)
rNeg    . . .        e - +0 plate armour
rPois   .            d - +1 helmet
rElec   .            (no cloak)
rCorr   .            (no gloves)
SInv    .            (no barding)
Will    .....        (no amulet) Stlth
                     (no ring)
HPRegen 0.28/turn    (no ring)
MPRegen 0.09/turn

%: roll
@: lethally poisoned (0 -> -12), on berserk cooldown, slowed, very slow
A: large, rugged brown scales 3, deformed body, armoured tail, roll, long
tongue, awkward tongue
a: Renounce Religion, Berserk


You were on level 2 of the Dungeon.
You worshipped Trog.
Trog was aware of your devotion.
You visited 1 branch of the dungeon, and saw 2 of its levels.

You collected 63 gold pieces.

Inventory:

Hand Weapons
 a - a +0 mace (weapon)
Armour
 b - a +0 animal skin
 d - a +1 helmet (worn)
 e - a +0 plate armour (worn)
Scrolls
 f - a scroll of amnesia {unknown}


   Skills:
 + Level 3.8 Fighting
 + Level 4.6 Maces & Flails
 + Level 3.0 Armour
 - Level 1.5 Dodging


You had 4 spell levels left.
You didn't know any spells.
Your spell library was empty.

Dungeon Overview and Level Annotations

Branches:
Dungeon (2/15)

Altars:

Shops:
D:2 !

Annotations:
D:2 Jessica


Innate Abilities, Weirdness & Mutations

You are completely covered in rugged brown scales. (AC +3, +7% HP)
Armour fits poorly on your strangely shaped body.
You have a long armoured tail.
You roll when moving toward enemies. (Rampage)
Your long tongue fully drains potion bottles. (2x potion effects)
Your tongue gives you trouble enunciating. (1.5x scroll delay)


Message History

A goblin comes into view. It is wielding a +0 short sword.
Jessica casts a spell.
Jessica blinks!
You roll towards Jessica!
You feel very sick.
Jessica casts a spell.
Jessica blinks!
Unknown command.
You feel very sick.
The goblin shouts!
You roll towards Jessica!
You feel sick. Jessica hits you but does no damage.
You are more poisoned.
You hit Jessica.
Jessica is almost dead.
* * * LOW HITPOINT WARNING * * *
You feel very sick.
Jessica mumbles some strange words.
Jessica seems to speed up.
Jessica casts a spell.
Jessica blinks!
It was a potion of berserk rage.
You're still recovering from your berserk rage.
You slurp down every last drop of the potion of berserk rage!
* * * LOW HITPOINT WARNING * * *
You feel very sick. The goblin hits you but does no damage.
You barely miss the goblin.
* * * LOW HITPOINT WARNING * * *
You feel very sick. The goblin hits you but does no damage.
You barely miss Jessica.
Jessica is almost dead.
You feel sick. Jessica hits you but does no damage.
You are lethally poisoned!
The goblin hits you but does no damage.
Jessica casts a spell.
Jessica blinks!
The goblin barely misses you.
Jessica mumbles something strange.
You barely miss the goblin.
You die...

#### #.. #.#
###########.#####+#
...................
#...........## #
#...@........#.###
#...g..?.....#....
#.....<.....).^..#
##+######
#.............##.#
##.......#
####....@.....#
.........+
.##........).#
≈~≈......#
.##.......####
≈∩≈......# ##.##.......#
≈≈≈......##...##...g)..#


You could see Jessica (fast) and a goblin.

Vanquished Creatures
  Sigmund (D:2)
  A worm (D:2)
  4 ball pythons (D:1)
  3 endoplasms
  A giant cockroach (D:2)
  2 goblins
  A hobgoblin (D:1)
  A quokka (D:1)
  2 bats (D:1)
  A kobold (D:2)
  2 rats
19 creatures vanquished.

Notes
Turn   | Place    | Note
-------+----------+-------------------------------------------
     0 | D:1      | olmar the Armataur Berserker began the quest for the Orb.
     0 | D:1      | Reached XP level 1. HP: 19/19 MP: 1/1
   138 | D:1      | Reached XP level 2. HP: 22/26 MP: 2/2
   154 | D:1      | Reached skill level 3 in Maces & Flails
   243 | D:1      | You fall into a shaft and drop 1 floor!
   331 | D:2      | Found Ulellonoys's Distillery.
   376 | D:2      | Noticed Sigmund
   386 | D:2      | Killed Sigmund
   387 | D:2      | Reached skill level 4 in Maces & Flails
   387 | D:2      | Reached XP level 3. HP: 35/35 MP: 3/3
   387 | D:2      | Reached XP level 4. HP: 42/42 MP: 4/4
   387 | D:2      | Reached XP level 5. HP: 49/49 MP: 5/5
   397 | D:2      | Noticed Jessica
   411 | D:2      | Succumbed to Jessica's poison

Illustrated notes

Levels and vault maps discovered:
D:1:      dpeg_arrival_renting, layout_basic, st_stairs_4
D:2:      layout_basic, serial_shops, nicolae_shop_industrial_runoff,
          uniq_sigmund, uniq_jessica

Skill      XL: |  1  2 |
---------------+-------+-----
Maces & Flails | 4 |  4.6
Fighting       | 3 |  3.8
Armour         | 3 |  3.0
Dodging        | |  1.5

Action                     |  1- 3 |  4- 6 || total
---------------------------+-------+-------++-------
  Melee: Mace              |    39 |     9 ||    48
         Tailslap          |     5 |       ||     5
 Invoke: Berserk           |     2 |       ||     2
    Use: Potion            |       |     1 ||     1
 Armour: Animal skin       |     6 |       ||     6
         Plate armour      |    16 |     9 ||    25
  Dodge: Dodged            |     8 |     1 ||     9
